 Dungeon Crawl Stone Soup version 0.31.0-32-g396128a36d (webtiles) character file.

Game seed: 9339469811406239169

1560770 LordWeiramon the Slayer (level 27, 199/199 HPs)
             Began as a Kobold Reaver on Mar 26, 2024.
             Was the Champion of Ashenzari.
             Escaped with the Orb
             ... and 3 runes!
             The game lasted 04:15:50 (75614 turns).

LordWeiramon the Slayer (Kobold Reaver)            Turns: 75614, Time: 04:15:51

Health: 199/199    AC: 26    Str:  6    XL:     27
Magic:  43/43      EV: 42    Int: 15    God:    Ashenzari [******]
Gold:   3310       SH: 18    Dex: 30    Spells: 35/41 levels left

rFire   + + .        a - +12 rapier "Revealing Affliction" {elec, rF++ rCorr Str-5, Elem, Fort} (curse)
rCold   + . .        L - +1 buckler of the Ruined Seer {rC+, Bglg, Melee} (curse)
rNeg    + . .        j - +4 acid dragon scales of Supernal Gnosis {rCorr, Fort, Bglg} (curse)
rPois   +            Z - +0 mask of the Dragon {Will+ Slay+3 SInv, Cun, Bglg} (curse)
rElec   +            h - +2 cloak "Ruined With Me" {Will+, Range, Fort} (curse)
rCorr   +            X - +3 pair of gauntlets of War {Slay+5, Melee, Bglg} (curse)
SInv    +            b - +2 pair of boots "Oblivion of Ashenzari" {Fly, Cun, Fort} (curse)
Will    ++++.        V - amulet of Star-Bound Wisdom {Reflect SH+5, Melee, Fort} (curse)
Stlth   ++++         v - ring of the Fated Inaction {rElec rN+ MP+9, Self, Fort} (curse)
HPRegen 0.53/turn    Y - ring "Tethered Adversity" {rPois Dex+5 Stlth+, Elem, Cun} (curse)
MPRegen 0.28/turn

%: reflection, clarity
@: flying
A: small, no large weapons, nightstalker 3, deformed body, mutation resistance
1, inability to drink after injury 1
0: Orb of Zot
}: 3/15 runes: barnacled, abyssal, gossamer
a: Renounce Religion, Shatter the Chains


You escaped.
You worshipped Ashenzari.
Ashenzari was exalted by your worship.
You visited 10 branches of the dungeon, and saw 47 of its levels.
You visited the Abyss 1 time.
You also visited: Trove, Bailey and Ice Cave.

You collected 7217 gold pieces.
You spent 3907 gold pieces at shops.

Inventory:

Hand Weapons
 a - the cursed +12 rapier "Revealing Affliction" (weapon) {elec, rF++ rCorr Str-5, Elem, Fort}
   (You took it off a deep elf annihilator on level 3 of the Elven Halls)

   Str-5:     It affects your strength (-5).
   rF++:      It greatly protects you from fire.
   rCorr:     It protects you from acid and corrosion.
   It has a curse which improves the following skills: Elements: Fire Magic, Ice
   Magic, Air Magic and Earth Magic.
   Fortitude: Armour and Shields.
Missiles
 y - 52 poisoned darts
 E - 7 curare-tipped darts
 K - 11 throwing nets (quivered)
Armour
 b - the cursed +2 pair of boots "Oblivion of Ashenzari" (worn) {Fly, Cun, Fort}
   (You found it on level 3 of the Elven Halls)

   It has a curse which improves the following skills: Cunning: Dodging and
   Stealth.
   Fortitude: Armour and Shields.
 h - the cursed +2 cloak "Ruined With Me" (worn) {Will+, Range, Fort}
   (You found it on level 1 of the Dungeon)

   It has a curse which improves the following skills: Ranged Combat: Ranged
   Weapons and Throwing.
   Fortitude: Armour and Shields.
 j - the cursed +4 acid dragon scales of Supernal Gnosis (worn) {rCorr, Fort, Bglg}
   (You found it on level 9 of the Dungeon)

   rCorr:     It protects you from acid and corrosion.
   It has a curse which improves the following skills: Fortitude: Armour and
   Shields.
   Beguiling: Hexes and Translocations.
 L - the cursed +1 buckler of the Ruined Seer (worn) {rC+, Bglg, Melee}
   (You bought it in a shop on level 4 of the Dungeon)

   It has a curse which improves the following skills: Beguiling: Hexes and
   Translocations.
   Melee Combat: Short Blades, Long Blades, Axes, Maces & Flails, Polearms,
   Staves and Unarmed Combat.
 X - the cursed +3 pair of gauntlets of War (worn) {Slay+5, Melee, Bglg}
   (You bought it in a shop on level 4 of the Depths)

   Slay+5:    It affects your accuracy & damage with ranged weapons and melee
   (+5).
   It has a curse which improves the following skills: Melee Combat: Short
   Blades, Long Blades, Axes, Maces & Flails, Polearms, Staves and Unarmed
   Combat.
   Beguiling: Hexes and Translocations.
 Z - the cursed +0 mask of the Dragon (worn) {Will+ Slay+3 SInv, Cun, Bglg}
   (You acquired it on level 2 of the Spider Nest)

   Slay+3:    It affects your accuracy & damage with ranged weapons and melee
   (+3).
   Will+:     It increases your willpower.
   SInv:      It lets you see invisible.
   It has a curse which improves the following skills: Cunning: Dodging and
   Stealth.
   Beguiling: Hexes and Translocations.
Jewellery
 t - an amulet of the acrobat
 v - the cursed ring of the Fated Inaction (left hand) {rElec rN+ MP+9, Self, Fort}
   (You acquired it on level 10 of the Dungeon)

   [ring of magical power]

   rElec:     It insulates you from electricity.
   rN+:       It protects you from negative energy.
   MP+9:      It affects your magic capacity (+9).
   It has a curse which improves the following skills: Introspection: Fighting
   and Spellcasting.
   Fortitude: Armour and Shields.
 V - the cursed amulet of Star-Bound Wisdom (around neck) {Reflect SH+5, Melee, Fort}
   (You found it on level 1 of the Lair of Beasts)

   [amulet of reflection]

   Reflect:   It reflects blocked missile attacks.
   SH+5:      It affects your SH (+5).
   It has a curse which improves the following skills: Melee Combat: Short
   Blades, Long Blades, Axes, Maces & Flails, Polearms, Staves and Unarmed
   Combat.
   Fortitude: Armour and Shields.
 Y - the cursed ring "Tethered Adversity" (right hand) {rPois Dex+5 Stlth+, Elem, Cun}
   (You found it in an ice cave)

   [ring of poison resistance]

   Dex+5:     It affects your dexterity (+5).
   rPois:     It protects you from poison Stlth+: It makes you more stealthy.
   It has a curse which improves the following skills: Elements: Fire Magic, Ice
   Magic, Air Magic and Earth Magic.
   Cunning:   Dodging and Stealth.
Wands
 d - a wand of iceblast (2)
 g - a wand of paralysis (17)
 D - a wand of mindburst (43)
 F - a wand of flame (103)
 I - a wand of digging (9)
 P - a wand of quicksilver (19)
Scrolls
 i - 7 scrolls of fear
 m - 8 scrolls of poison
 n - 25 scrolls of teleportation
 s - 3 scrolls of fog
 x - a scroll of silence
 z - 9 scrolls of vulnerability
 A - a scroll of enchant armour
 J - 8 scrolls of revelation
 O - a scroll of summoning
 S - 6 scrolls of amnesia
 T - 6 scrolls of enchant weapon
 W - 2 scrolls of brand weapon
Potions
 c - a potion of enlightenment
 f - a potion of invisibility
 k - 10 potions of mutation
 l - 4 potions of brilliance
 q - 5 potions of cancellation
 r - 4 potions of might
 u - 5 potions of berserk rage
 w - 17 potions of curing
 B - 5 potions of heal wounds
 C - 5 potions of haste
 G - 7 potions of ambrosia
 M - a potion of attraction
 Q - 7 potions of magic
 R - 4 potions of resistance
Miscellaneous
 e - a condenser vane
 o - a sack of spiders
 N - a phantom mirror
 U - a phial of floods


   Skills:
 - Level 25.3(27) Fighting
 - Level 23.4(27) Short Blades
 - Level 6.0(8.5) Throwing
 + Level 16.9(24.3) Armour
 - Level 24.9(27) Dodging
 - Level 18.1(22.5) Stealth
 - Level 13.4(20.9) Shields
 - Level 5.1(7.5) Spellcasting
 - Level 3.0 Conjurations
 - Level 7.2(12.8) Hexes
 - Level 3.7(6.9) Earth Magic
 - Level 6.8 Evocations


You had 35 spell levels left.
You knew the following spells:

 Your Spells              Type           Power      Damage    Failure   Level
a - Passwall              Erth           26%        N/A       3%          3
c - Confusing Touch       Hex            44%        N/A       1%          3

Your spell library contained the following spells:

 Spells                   Type           Power      Damage    Failure   Level
 Sandblast                Erth           52%        2d12      1%          1
 Ensorcelled Hibernation  Hex/Ice        50%        N/A       1%          2
 Jinxbite                 Hex            88%        N/A       1%          2
 Sigil of Binding         Hex            44%        N/A       1%          3
 Tukima's Dance           Hex            44%        N/A       1%          3
 Magic Dart               Conj           56%        1d5       6%          1
 Stone Arrow              Conj/Erth      40%        3d9       8%          3
 Searing Ray              Conj           28%        2d5       9%          2
 Foxfire                  Conj/Fire      40%        2x1d6     10%         1
 Shock                    Conj/Air       40%        1d5       10%         1
 Kiss of Death            Conj/Necr      40%        2d8       11%         1
 Sting                    Conj/Alch      40%        1d5       11%         1
 Dimensional Bullseye     Hex/Tloc       13%        N/A       12%         4
 Apportation              Tloc           16%        N/A       14%         1
 Momentum Strike          Conj/Tloc      22%        3d8       14%         2
 Anguish                  Hex/Necr       12%        N/A       14%         4
 Necrotise                Necr           20%        1d5       21%         1
 Summon Small Mammal      Summ           20%        N/A       21%         1
 Blink                    Tloc           16%        N/A       21%         2
 Lesser Beckoning         Tloc           16%        N/A       21%         2
 Scorch                   Fire           14%        2d5       24%         2
 Mercury Vapours          Alch/Air       12%        N/A       26%         2
 Brom's Barrelling Bould  Conj/Erth      20%        2d4       26%         4
 Cigotuvi's Dreadful Rot  Necr/Alch/Air  12%        N/A       28%         2
 Hailstorm                Conj/Ice       10%        3d6       28%         3
 Call Imp                 Summ           10%        N/A       30%         2
 Sublimation of Blood     Necr           5%         N/A       30%         2
 Lee's Rapid Deconstruct  Erth           13%        3d9*      32%         5
 Summon Mana Viper        Hex/Summ       24%        N/A       36%         5
 Yara's Violent Unravell  Hex/Alch       12%        3d7       36%         5
 Gell's Gravitas          Tloc           8%         N/A       38%         3
 Teleport Other           Tloc           8%         N/A       38%         3
 Ozocubu's Armour         Ice            7%         N/A       43%         3
 Animate Armour           Summ/Erth      32%        N/A       43%         4
 Leda's Liquefaction      Alch/Erth      8%         N/A       43%         4
 Petrify                  Alch/Erth      16%        N/A       43%         4
 Summon Ice Beast         Ice/Summ       6%         N/A       47%         3
 Call Canine Familiar     Summ           5%         N/A       52%         3
 Fugue of the Fallen      Necr           5%         N/A       52%         3
 Vampiric Draining        Necr           5%         2d6       52%         3
 Iskenderun's Mystic Bla  Conj/Tloc      11%        2d4       65%         4
 Flame Wave               Conj/Fire      10%        2d6       67%         4
 Fulminant Prism          Conj/Alch      5%         3d7       71%         4
 Manifold Assault         Tloc           8%         N/A       80%         4
 Vhi's Electric Charge    Tloc/Air       14%        N/A       83%         4
 Airstrike                Air            3%         2d(1-17)  85%         4
 Iskenderun's Battlesphe  Conj           14%        2d7       85%         5
 Ignite Poison            Fire/Alch      6%         N/A       87%         4
 Sticky Flame             Fire/Alch      6%         2d4       87%         4
 Summon Blazeheart Golem  Fire/Summ      6%         N/A       87%         4
 Dispel Undead            Necr           5%         3d7       89%         4
 Martyr's Knell           Necr/Summ      5%         N/A       89%         4
 Olgreb's Toxic Radiance  Alch           5%         N/A       89%         4
 Freezing Cloud           Conj/Ice/Air   4%         6-21      97%         5
 Bombard                  Conj/Erth      10%        9d2       98%         6
 Alistair's Intoxication  Alch           3%         N/A       99%         5
 Curse of Agony           Necr           5%         N/A       99%         5
 Summon Forest            Summ/Tloc      3%         N/A       99%         5
 Dispersal                Tloc           4%         N/A       100%        6
 Eringya's Noxious Bog    Alch           2%         4d6       100%        6
 Plasma Beam              Fire/Air       3%         2x1d13    100%        6
 Sculpt Simulacrum        Ice/Alch       3%         N/A       100%        6
 Starburst                Conj/Fire      5%         6d4       100%        6
 Summon Cactus Giant      Summ           2%         N/A       100%        6
 Monstrous Menagerie      Summ           2%         N/A       100%        7
 Orb of Destruction       Conj           7%         9d6       100%        7
 Ozocubu's Refrigeration  Ice            3%         4d8       100%        7
 Spellforged Servitor     Conj/Summ      5%         N/A       100%        7
 Summon Hydra             Summ           2%         N/A       100%        7
 Discord                  Hex            22%        N/A       100%        8
 Disjunction              Tloc           4%         N/A       100%        8
 Ignition                 Fire           3%         3d4       100%        8
 Lehudib's Crystal Spear  Conj/Erth      10%        10d4      100%        8
 Polar Vortex             Ice            3%         N/A       100%        9
 Shatter                  Erth           13%        3d13*     100%        9


Dungeon Overview and Level Annotations

Branches:
Dungeon (15/15)            Temple (1/1) D:6            Lair (5/5) D:9
 Shoals (4/4) Lair:2       Spider (4/4) Lair:3        Slime (0/5) Lair:4
    Orc (2/2) D:12            Elf (3/3) Orc:2        Vaults (4/5) D:14
  Crypt (0/3) Vaults:3     Depths (4/4) D:15            Zot (5/5) Depths:4
 Bailey (visited)           IceCv (visited)

Altars:
Ashenzari
Cheibriados
Dithmenos
Elyvilon
Fedhas
Gozag
Hepliaklqana
Kikubaaqudgha
Makhleb
Nemelex Xobeh
Okawaru
Qazlal
Ru
Sif Muna
Trog
Uskayaw
Vehumet
Wu Jian
Xom
Yredelemnul
Zin
The Shining One

Shops:
D:3 [   D:4 *!   Orc:2 ??*[   Shoals:2 (   Shoals:4 *   Depths:4 [

Portals:
Hell: Depths:1 Depths:2 Depths:3 Depths:4
Abyss: Depths:3
Pandemonium: Depths:1 Depths:2
Ziggurat: Depths:3

Annotations:
Elf:3 6 transporters


Innate Abilities, Weirdness & Mutations

You are small and have problems with some larger weapons.
You are completely attuned to the shadows.
Armour fits poorly on your strangely shaped body.
You are somewhat resistant to further mutation.
You occasionally lose the ability to drink potions when taking damage.


Message History

There is a stone staircase leading up, spattered with blood here.
You fly upwards.
There is a stone staircase leading down here.
There is a stone staircase leading up, spattered with blood here.
You fly upwards.
There is a stone staircase leading down, spattered with blood here.
A soul eater comes into view.
You puncture the soul eater!
The soul eater is moderately wounded.
You hit the soul eater but do no damage.
The soul eater is moderately wounded.
You block the soul eater's attack.
You hit the soul eater.
The soul eater is moderately wounded.
You hit the soul eater but do no damage.
The soul eater is moderately wounded.
You block the soul eater's attack.
You impale the soul eater!!
Lightning courses through the soul eater!!
The soul eater is almost dead.
You hit the soul eater but do no damage.
The soul eater is almost dead.
You block the soul eater's attack.
You hit the soul eater.
The soul eater is almost dead.
You puncture the soul eater!
You kill the soul eater!
There is a stone staircase leading up here.
You fly upwards.
There is a stone staircase leading down, spattered with blood here.
There is an open door here.
There is a stone staircase leading up here.
You sense a monster nearby.
You fly upwards.
There is a stone staircase leading down here.
There is a stone staircase leading up here.
You fly upwards.
There is a stone staircase leading down here.
There is a staircase leading out of the dungeon here.
You have escaped!

##.#.# ### #.#. .....# #.#.
#..### #.#. #.#### #.#.
#....# ♣♣######.#. #.##.###
♣♣♣♣..........
#.##...#♣♣♣♣♣
♣♣♣♣♣♣.♣....#######
..##.#...♣..♣♣♣...♣.♣.♣♣#.#
# ####.###♣.♣♣....@..♣♣♣♣
#.##### # #.# ♣♣♣♣♣♣♣...♣♣
#.#...### #.# ♣♣♣♣♣
#...#..#. #.# #..###... ##
#.# #...#..#. .###.###
#.....### .......# ###.)##
# ####.### ### ##...### #.#
#.# ###..#..#.


There were no monsters in sight!

Vanquished Creatures
  A dread lich (Zot:5)
  3 orbs of fire
  3 ancient liches (Zot:5)
  Xtahua (Vaults:2)
  2 Killer Klowns (Zot:3)
  6 caustic shrikes (Depths:3)
  3 curse toes
  Jory (Vaults:3)
  5 golden dragons
  An electric golem (Zot:5)
  11 tentacled monstrosities
  Jorgrun (Spider:2)
  22 Orb Guardians (Zot:5)
  A lich (Depths:2)
  3 deep elf blademasters
  5 quicksilver dragons
  4 sphinxes
  10 death cobs
  An ancient champion (Vaults:3)
  2 deep elf master archers (Elf:3)
  4 krakens (Shoals:3)
  2 tentacled starspawn (Abyss:3)
  Donald (Orc:2)
  Roxanne (Spider:4)
  8 storm dragons
  10 shadow dragons
  4 tengu reavers
  A protean progenitor (Zot:3)
  3 draconian monks
  2 fire giants
  5 emperor scorpions (Spider:4)
  7 draconian knights
  8 deep elf sorcerers
  2 orc warlords
  2 draconian scorchers
  6 deep elf elementalists (Elf:3)
  A daeva (D:13)
  6 frost giants
  4 ghost moths
  13 vault wardens
  10 draconian shifters
  4 broodmothers
  3 spriggan defenders
  13 ironbound preservers
  Louise (Spider:4)
  4 draconian stormcallers
  10 stone giants
  2 formless jellyfish
  2 draconian annihilators (Zot:2)
  12 very ugly things
  7 ironbound thunderhulks
  2 deep elf death magi (Elf:3)
  5 green draconians
  A vampire knight (Depths:3)
  16 purple draconians
  15 black draconians
  10 deep elf annihilators
  6 deep elf demonologists (Elf:3)
  9 red draconians
  A war gargoyle (Vaults:2)
  8 yellow draconians
  6 dire elephants
  6 white draconians
  10 spark wasps
  Snorg (D:10)
  6 ettins
  A merfolk javelineer (Shoals:4)
  2 spectral krakens (Shoals:4)
  9 fire dragons
  2 jiangshi (Depths:2)
  A blizzard demon (D:13)
  7 yaktaur captains
  10 entropy weavers
  Harold (Orc:1)
  Josephine (Lair:5)
  3 rakshasas (Depths:2)
  6 merfolk impalers (Shoals:4)
  7 hydras
  2 peacekeepers
  3 jorogumos
  4 vault guards
  7 ice dragons
  Fannar (Lair:3)
  4 deep elf high priests
  12 ironbound frosthearts
  The ghost of Xeesh the Zephyrmancer, a journeyman TeAE of Sif Muna (Lair:1)
  2 ogre magi
  6 great orbs of eyes
  A hell beast (Depths:1)
  2 merfolk avatars
  3 spriggan air magi
  13 boulder beetles
  2 radroaches
  An alligator snapping turtle (Shoals:3)
  16 centaur warriors
  22 dancing weapons
  2 ghost crabs (Shoals:4)
  A catoblepas (Lair:1)
  7 two-headed ogres
  3 deep troll shamans (Depths:1)
  15 death yaks
  6 merfolk aquamancers
  A satyr (Shoals:3)
  2 thrashing horrors (Abyss:3)
  3 tengu warriors
  3 deep troll earth magi
  14 demonic crawlers
  7 orc high priests
  2 vampire magi
  3 hell knights
  An occultist (D:15)
  8 spriggan berserkers
  A soul eater (D:4)
  4 spriggans
  19 deep elf knights
  Nergalle (Lair:1)
  5 pharaoh ants
  A sixfirhy (Depths:2)
  6 skeletal warriors
  A skyshark (shapeshifter) (Depths:3)
  A spark wasp zombie (Depths:1)
  4 iron trolls
  6 skysharks
  2 large abominations
  12 orb spiders
  5 glowing orange brains
  A glowing orange brain (shapeshifter) (Vaults:4)
  6 spatial maelstroms (Abyss:3)
  6 arcanists
  6 steelbarb worms
  2 sun moths
  32 deep trolls
  10 deep elf archers
  A flayed ghost (Depths:3)
  3 shadow demons
  A necromancer (Depths:1)
  8 sea snakes
  13 deep elf zephyrmancers
  3 phantasmal warriors
  22 ironbound convokers
  7 lindwurms
  A steelbarb worm (shapeshifter) (Vaults:2)
  19 harpies
  30 deep elf pyromancers
  23 wolf spiders
  19 orc knights
  3 tengu skeletons (Vaults:3)
  23 moths of wrath
  3 orc sorcerers (Orc:2)
  25 ugly things
  4 cyclopes
  11 manticores
  9 elephants (Lair:4)
  A salamander (shapeshifter) (D:14)
  13 fauns
  A worldbinder (Abyss:3)
  A meliai (shapeshifter) (Abyss:3)
  An iron dragon zombie (Abyss:3)
  2 oklob plants
  3 meliai (Spider:1)
  A stone giant skeleton (Depths:1)
  19 vault sentinels
  A rust devil (Depths:1)
  8 black mambas
  A torpor snail (shapeshifter) (Elf:2)
  3 merfolk sirens
  2 ice statues (IceCv)
  10 water nymphs
  A gargoyle (D:11)
  9 torpor snails
  A smoke demon (Abyss:3)
  4 molten gargoyles (D:10)
  A spriggan zombie (Depths:1)
  Jeremiah (D:7)
  7 cane toads
  An unseen horror (shapeshifter) (D:15)
  4 kobold demonologists
  2 unseen horrors
  6 komodo dragons
  39 yaktaurs
  6 rime drakes
  3 tengu conjurers (D:15)
  2 elf skeletons (Vaults:3)
  3 efreet
  31 merfolk
  2 polar bears (Lair:3)
  2 yaktaur skeletons (Vaults:3)
  3 tyrant leeches (Lair:5)
  A glass eye (Depths:2)
  33 tarantellas
  4 trolls
  A blink frog (shapeshifter) (Elf:3)
  14 blink frogs
  12 hornets
  7 dream sheep
  10 snapping turtles
  A wolf spider simulacrum (D:15)
  6 wind drakes
  A raiju (shapeshifter) (Abyss:3)
  2 spectral merfolk (Shoals:4)
  A dream sheep (shapeshifter) (Depths:2)
  19 jumping spiders
  22 culicivoras
  2 ettin skeletons
  42 slime creatures
  A shadow (D:12)
  5 wraiths
  A wyvern (Lair:1)
  Eustachio (D:6)
  2 vampires
  3 air elementals
  16 water elementals
  5 basilisks
  40 yaks
  61 redbacks
  2 fire elementals
  2 wargs
  A chaos spawn (Abyss:3)
  A neqoxec (Abyss:3)
  A steam dragon (D:10)
  8 vampire mosquitoes
  Menkaure (D:6)
  2 acid dragons
  Edmund (D:4)
  A glowing shapeshifter zombie (Depths:1)
  35 orc warriors
  10 water moccasins
  4 black bears
  Duvessa (D:5)
  A sky beast (Abyss:3)
  21 wolves
  5 ogres
  12 centaurs
  A phantom (D:4)
  5 human skeletons (Vaults:3)
  Blork the orc (D:5)
  6 kobold brigands
  3 brain worms (Abyss:3)
  A weeping skull (Abyss:3)
  3 small abominations (Abyss:3)
  8 bullfrogs
  5 scorpions
  A gnoll sergeant (D:11)
  5 earth elementals
  3 wights (D:9)
  Dowan (D:5)
  10 killer bees
  4 lindwurm simulacra (IceCv)
  5 electric eels
  11 howler monkeys
  5 lava snakes
  A crimson imp (D:3)
  7 komodo dragon simulacra (IceCv)
  A bombardier beetle (D:6)
  A jelly (D:5)
  Crazy Yiuf (D:4)
  40 orc priests
  5 hounds
  2 iguanas (D:6)
  31 orc wizards
  7 hell rats (Lair:3)
  A sleepcap (D:5)
  12 gnolls
  7 acid dragon simulacra (IceCv)
  10 adders
  A shadow imp (D:6)
  3 steam dragon simulacra (IceCv)
  4 ufetubi
  3 dart slugs
  4 ribbon worms
  91 orcs
  12 ball pythons
  7 endoplasms
  3 giant cockroaches
  17 goblins
  22 hobgoblins
  2 jackals (D:1)
  21 kobolds
  2 quokkas (D:4)
  5 bats
  3 frilled lizards
  A goblin zombie (D:3)
  6 hobgoblin zombies (D:3)
  2 kobold skeletons (D:3)
  A kobold zombie (D:3)
  3 rats
  6 tentacles
1975 creatures vanquished.

Vanquished Creatures (collateral kills)
  An orb of fire (Zot:5)
  A Killer Klown (Zot:5)
  A golden dragon (Zot:5)
  A storm dragon (Zot:5)
  2 green draconians (Zot:5)
  A purple draconian (Zot:5)
  2 white draconians (Zot:5)
  2 moths of wrath (Zot:5)
11 creatures vanquished.

Vanquished Creatures (others)
  A howler monkey (D:10)
  An orc wizard (Orc:2)
  2 starspawn tentacles (Abyss:3)
  25 tentacles
29 creatures vanquished.

Grand Total: 2015 creatures vanquished

Notes
Turn   | Place    | Note
-------+----------+-------------------------------------------
     0 | D:1      | LordWeiramon the Kobold Reaver began the quest for the Orb.
     0 | D:1      | Reached XP level 1. HP: 12/12 MP: 3/3
    76 | D:1      | Reached skill level 1 in Stealth
   171 | D:1      | Reached XP level 2. HP: 17/17 MP: 5/5
   769 | D:1      | Reached XP level 3. HP: 21/21 MP: 6/6
   941 | D:2      | Noticed a scorpion
  1126 | D:2      | Reached XP level 4. HP: 26/26 MP: 7/7
  1334 | D:2      | Reached skill level 5 in Short Blades
  1453 | D:2      | Reached skill level 3 in Fighting
  1453 | D:2      | Reached XP level 5. HP: 29/32 MP: 8/8
  1713 | D:3      | Found Meseetuost's Antique Armour Emporium.
  1982 | D:3      | Found a glowing golden altar of the Shining One.
  2300 | D:3      | Reached XP level 6. HP: 37/37 MP: 9/9
  2854 | D:3      | Found a sparkling altar of Nemelex Xobeh.
  2941 | D:4      | Found Bauckede's Distillery.
  2946 | D:4      | Bought a potion of heal wounds for 55 gold pieces
  2946 | D:4      | Bought a potion of lignification for 33 gold pieces
  2986 | D:4      | Found Ajehafex's Assorted Antiques.
  3426 | D:4      | Reached XP level 7. HP: 27/41 MP: 10/10
  3620 | D:4      | Bought a scroll labelled FEMAPI YTHIRA for 20 gold pieces
  3626 | D:4      | Noticed Edmund
  3987 | D:4      | Found a white marble altar of Elyvilon.
  4431 | D:2      | Reached skill level 5 in Dodging
  4505 | D:5      | Entered Level 5 of the Dungeon
  4530 | D:4      | Bought an ivory wand for 80 gold pieces
  4556 | D:4      | Found a runed translucent door.
  4559 | D:4      | Noticed Crazy Yiuf
  4634 | D:5      | Found a radiant altar of Vehumet.
  4673 | D:5      | Reached skill level 5 in Stealth
  4684 | D:5      | Noticed Blork the orc
  4692 | D:5      | Reached XP level 8. HP: 35/46 MP: 11/11
  4693 | D:5      | Killed Blork the orc
  4841 | D:5      | Noticed Dowan
  4968 | D:5      | Noticed a yak
  4968 | D:5      | Noticed a yak
  4982 | D:5      | Noticed a yak
  5177 | D:5      | Noticed a yak
  5203 | D:5      | Noticed Duvessa
  5458 | D:6      | Found a sacrificial altar of Ru.
  5459 | D:6      | Found a stormy altar of Qazlal.
  5461 | D:6      | Found a shimmering altar of Xom.
  5462 | D:6      | Found a broken altar of Ashenzari.
  5465 | D:6      | Found a hazy altar of Hepliaklqana.
  5466 | D:6      | Became a worshipper of Ashenzari the Shackled
  5506 | D:6      | Reached skill level 4 in Fighting
  5595 | D:6      | Found a basalt altar of Yredelemnul.
  5596 | D:6      | Found a glowing silver altar of Zin.
  5598 | D:6      | Found a bloodstained altar of Trog.
  5870 | D:6      | Noticed Menkaure
  5985 | D:5      | Killed Duvessa
  5987 | D:5      | Killed Dowan
  6088 | D:5      | Reached XP level 9. HP: 45/48 MP: 12/12
  6293 | D:4      | Reached skill level 10 in Short Blades
  6524 | D:5      | Found a burning altar of Makhleb.
  6592 | D:4      | Killed Edmund
  6755 | D:6      | Noticed Eustachio
  6759 | D:6      | Killed Eustachio
  6873 | D:6      | Learned a level 3 spell: Confusing Touch
  6902 | D:6      | Reached skill level 5 in Fighting
  6930 | D:6      | Found a staircase to the Ecumenical Temple.
  6936 | Temple   | Entered the Ecumenical Temple
  7090 | D:6      | Reached skill level 1 in Hexes
  7283 | D:6      | Reached XP level 10. HP: 59/59 MP: 13/13
  7386 | D:6      | Killed Menkaure
  7656 | D:7      | Reached skill level 5 in Hexes
  7985 | D:7      | Noticed Jeremiah
  8085 | D:4      | Bought a shiny buckler for 150 gold pieces
  8164 | D:7      | Reached skill level 1 in Shields
  8332 | D:7      | Reached * piety under Ashenzari
  8613 | D:8      | Identified the +8 dagger of Invincibility {freeze, Fly}
  9108 | D:8      | Reached ** piety under Ashenzari
  9474 | D:9      | Identified the +0 chain mail of Antique Amelioration
                  | {^Contam Str+7}
  9868 | D:9      | Noticed a death yak
  9898 | D:9      | Identified the ring "Xugy" {rPois Int+2}
  9898 | D:9      | Noticed a centaur warrior
  9912 | D:9      | Killed a centaur warrior
  9913 | D:9      | Reached skill level 5 in Shields
  9935 | D:9      | Found a shimmering blue altar of Sif Muna.
 10153 | D:9      | Noticed a centaur warrior
 10171 | D:9      | Killed a centaur warrior
 10176 | D:9      | Reached XP level 11. HP: 41/64 MP: 0/15
 10321 | D:9      | Noticed a two-headed ogre
 10324 | D:9      | Killed a two-headed ogre
 10477 | D:9      | Reached skill level 5 in Throwing
 10766 | D:9      | Noticed a centaur warrior
 10779 | D:9      | Killed a centaur warrior
 10969 | D:9      | Noticed a death yak
 10972 | D:9      | Reached skill level 5 in Evocations
 11004 | D:9      | Killed a death yak
 11008 | D:9      | Noticed a death yak
 11075 | D:9      | Found a staircase to the Lair.
 11212 | D:10     | Entered Level 10 of the Dungeon
 11285 | D:10     | Found a flagged portal.
 11316 | Bailey   | Entered a bailey
 11596 | Bailey   | Reached skill level 10 in Dodging
 11599 | Bailey   | Noticed an orc knight
 11618 | Bailey   | Killed an orc knight
 11723 | Bailey   | Identified the +2 chain mail of Chimes {rF++ Will+++ Regen+
                  | Str-3}
 11731 | Bailey   | Identified a scroll of acquirement
 11741 | Bailey   | Noticed an orc knight
 11792 | Bailey   | Killed an orc knight
 11795 | Bailey   | Noticed an orc knight
 11864 | Bailey   | Killed an orc knight
 11865 | Bailey   | Reached skill level 6 in Fighting
 11865 | Bailey   | Reached XP level 12. HP: 51/72 MP: 0/16
 12047 | Bailey   | Reached skill level 7 in Fighting
 12412 | Bailey   | Found an iron altar of Okawaru.
 12521 | Bailey   | Reached skill level 8 in Fighting
 12576 | Bailey   | Identified the +1 short sword "Casy" {venom, rElec rPois
                  | rF+ Dex+3}
 12639 | D:10     | Acquired a +5 rapier of protection
 12649 | D:10     | Acquired the ring of Eklohuam {rElec rN+ MP+9}
 12679 | D:10     | Reached *** piety under Ashenzari
 12774 | D:10     | Found a portal to a secret trove of treasure.
 12820 | D:10     | Reached **** piety under Ashenzari
 12948 | D:9      | Killed a death yak
 12961 | D:9      | Killed a death yak
 13869 | D:10     | Noticed Snorg
 13886 | D:10     | Killed Snorg
 14162 | D:11     | Noticed a two-headed ogre
 14168 | D:11     | Killed a two-headed ogre
 14330 | D:11     | Reached skill level 10 in Stealth
 15091 | Lair:1   | Entered Level 1 of the Lair of Beasts
 15094 | Lair:1   | Reached XP level 13. HP: 84/84 MP: 20/20
 15204 | Lair:1   | Found a runed translucent door.
 15204 | Lair:1   | Noticed Xeesh's ghost (journeyman TeAE)
 15411 | Lair:1   | Found a runed translucent door.
 15529 | Lair:1   | Noticed a catoblepas
 15608 | Lair:1   | Reached skill level 5 in Spellcasting
 15651 | Lair:1   | Reached skill level 1 in Armour
 15771 | Lair:1   | Killed a catoblepas
 15905 | Lair:1   | Noticed Nergalle
 15909 | Lair:1   | Killed Nergalle
 16419 | Lair:1   | Reached skill level 5 in Armour
 17173 | Lair:2   | Found a shimmering altar of Xom.
 17506 | Lair:2   | Found a blossoming altar of Fedhas.
 18484 | Lair:3   | Found a hole to the Spider Nest.
 18558 | Lair:3   | Noticed Fannar
 18574 | Lair:3   | Killed Fannar
 19155 | Lair:3   | Reached XP level 14. HP: 90/90 MP: 23/25
 20221 | Lair:1   | Identified the +10 whip "Geseh" {heavy, rC+ Str+2 Dex+5}
 20222 | Lair:1   | Found the +3 hat of Pondering {ponderous, Will+ MP+10
                  | Int+5}
 20232 | Lair:1   | Found a runed translucent gate.
 20232 | Lair:1   | Found a runed translucent gate.
 20232 | Lair:1   | Found a runed translucent gate.
 20240 | Lair:1   | Found a runed translucent gate.
 20240 | Lair:1   | Found a runed translucent gate.
 20240 | Lair:1   | Found a runed translucent gate.
 20726 | Lair:4   | Reached skill level 15 in Dodging
 21938 | Lair:4   | Reached skill level 15 in Short Blades
 22452 | Lair:4   | Found a staircase to the Slime Pits.
 22539 | Lair:5   | Entered Level 5 of the Lair of Beasts
 22794 | Lair:5   | Reached XP level 15. HP: 94/94 MP: 26/26
 22967 | Lair:5   | Reached skill level 9 in Fighting
 23023 | Lair:5   | Paralysed by a hornet for 1 turns
 23202 | Lair:5   | Reached skill level 10 in Fighting
 23636 | Lair:5   | Reached skill level 11 in Fighting
 23993 | Lair:5   | Noticed Josephine
 24004 | Lair:5   | Killed Josephine
 24190 | Lair:5   | Identified the +3 spear "Tyzeyzoh" {speed, Fly rElec rF-
                  | rN+}
 24365 | Lair:5   | Reached skill level 12 in Fighting
 24992 | D:12     | Found a frozen archway.
 25001 | D:12     | Reached ***** piety under Ashenzari
 25179 | IceCv    | Entered an ice cave
 25688 | IceCv    | Identified the ring "Kaoshe" {Fire rElec rPois Dex-5}
 25690 | IceCv    | Identified the ring of Oseov {rPois Dex+5 Stlth+}
 25777 | IceCv    | Reached skill level 13 in Fighting
 25979 | D:12     | Found a staircase to the Orcish Mines.
 26855 | D:13     | Acquired 681 gold pieces
 27374 | D:13     | Reached skill level 14 in Fighting
 27665 | D:13     | Reached XP level 16. HP: 112/112 MP: 28/28
 28242 | D:14     | Reached skill level 15 in Fighting
 28687 | D:14     | Identified the amulet "Wigoerpha" {Reflect rPois rF- Will+
                  | SH+5}
 28744 | D:14     | Found a gate to the Vaults.
 29762 | D:15     | Entered Level 15 of the Dungeon
 30081 | D:15     | Found a staircase to the Depths.
 30168 | D:15     | Found a glowing silver altar of Zin.
 30660 | D:15     | Reached skill level 15 in Stealth
 31059 | Orc:1    | Entered Level 1 of the Orcish Mines
 31106 | Orc:1    | Noticed Harold
 31121 | Orc:1    | Killed Harold
 31671 | Orc:2    | Entered Level 2 of the Orcish Mines
 31672 | Orc:2    | Noticed Donald
 31715 | Orc:2    | Found a staircase to the Elven Halls.
 32460 | Orc:2    | Killed Donald
 33008 | Orc:2    | Found Feuvoh's Magic Scroll Emporium.
 33009 | Orc:2    | Found Tuqifoak's Magic Scroll Emporium.
 33011 | Orc:2    | Found Kiworr's Armour Shoppe.
 33011 | Orc:2    | Found Cubry's Assorted Antiques.
 33014 | Orc:2    | Bought a scroll of blinking for 112 gold pieces
 33014 | Orc:2    | Bought a scroll of enchant weapon for 112 gold pieces
 33014 | Orc:2    | Bought a scroll of teleportation for 45 gold pieces
 33014 | Orc:2    | Bought a scroll of fog for 60 gold pieces
 33014 | Orc:2    | Bought a scroll of summoning for 142 gold pieces
 33016 | Orc:2    | Bought 2 scrolls of teleportation for 96 gold pieces
 33016 | Orc:2    | Bought a scroll of teleportation for 48 gold pieces
 33018 | Orc:2    | Bought a potion of berserk rage for 170 gold pieces
 33018 | Orc:2    | Bought a scroll of fear for 136 gold pieces
 33599 | D:7      | Killed Jeremiah
 33654 | D:4      | Bought a potion of heal wounds for 55 gold pieces
 33654 | D:4      | Bought a potion of cancellation for 88 gold pieces
 33654 | D:4      | Bought a potion of resistance for 110 gold pieces
 33654 | D:4      | Bought a potion of mutation for 88 gold pieces
 33654 | D:4      | Bought a potion of haste for 110 gold pieces
 33670 | D:4      | Bought a scroll of teleportation for 60 gold pieces
 33861 | Spider:1 | Entered Level 1 of the Spider Nest
 33900 | Spider:1 | Reached XP level 17. HP: 119/119 MP: 29/29
 35408 | Spider:2 | Acquired the +0 mask of the Dragon {Will+ Slay+3 SInv}
 35408 | Spider:2 | Found the +0 mask of the Dragon {Will+ Slay+3 SInv}
 36388 | Spider:2 | Noticed Jorgrun
 36393 | Spider:2 | Killed Jorgrun
 37024 | Spider:3 | Reached XP level 18. HP: 122/122 MP: 28/28
 38229 | Spider:4 | Entered Level 4 of the Spider Nest
 38230 | Spider:4 | Noticed Roxanne
 38337 | Spider:4 | Noticed Louise
 38341 | Spider:4 | Killed Louise
 38671 | Spider:4 | Reached skill level 10 in Armour
 39356 | Spider:4 | Got a gossamer rune of Zot
 39868 | Shoals:1 | Entered Level 1 of the Shoals
 40719 | Shoals:1 | Reached XP level 19. HP: 128/128 MP: 29/29
 40919 | Shoals:2 | Found Foenio's Weapon Shop.
 43782 | Shoals:4 | Entered Level 4 of the Shoals
 44305 | Shoals:4 | Identified the ring "Epnedwor" {rPois rC+ rCorr Int-3
                  | Dex-3}
 44693 | Shoals:4 | Identified the +4 long sword of the Pyrrhic Victory {pain,
                  | Will+ Dex+3}
 44737 | Shoals:4 | Found the +11 plutonium sword {^Contam Stlth-}
 44787 | Shoals:4 | Found Vygith's Mass Market.
 45227 | Shoals:4 | Got a barnacled rune of Zot
 45351 | Shoals:4 | Reached XP level 20. HP: 134/134 MP: 30/30
 45517 | Shoals:4 | Identified Vywampea's Handbook of Lightning
 45626 | Shoals:4 | Identified the Vellum of Weird Damage
 46315 | Elf:1    | Entered Level 1 of the Elven Halls
 46315 | Elf:1    | Found a runed translucent gate.
 46315 | Elf:1    | Found a runed translucent gate.
 46315 | Elf:1    | Found a runed translucent gate.
 46315 | Elf:1    | Found a runed translucent gate.
 46315 | Elf:1    | Found a runed translucent gate.
 46315 | Elf:1    | Found a runed translucent gate.
 46333 | Elf:1    | Found a runed translucent door.
 46442 | Elf:1    | Found a runed translucent door.
 48572 | Elf:2    | Found a runed translucent gate.
 48573 | Elf:2    | Found a runed translucent gate.
 48573 | Elf:2    | Found a runed translucent gate.
 48879 | Elf:2    | Reached skill level 16 in Fighting
 49709 | Elf:2    | Reached skill level 17 in Fighting
 50075 | Elf:3    | Entered Level 3 of the Elven Halls
 50082 | Elf:3    | Found a transporter.
 50086 | Elf:3    | Found a transporter.
 50116 | Elf:3    | Found a transporter.
 50116 | Elf:3    | Found a transporter.
 50139 | Elf:3    | Found a transporter.
 50141 | Elf:3    | Found a transporter.
 50537 | Elf:3    | Identified the +9 bardiche "Geyxzon" {flame, rF- rCorr
                  | Int+4 Dex+2}
 50764 | Elf:3    | Reached XP level 21. HP: 103/145 MP: 31/31
 50963 | Elf:3    | Reached skill level 18 in Fighting
 51151 | Elf:3    | Paralysed by an air elemental for 1 turns
 51257 | Abyss:3  | Cast into level 3 of the Abyss (deep elf blademaster)
 51262 | Abyss:3  | Found a corrupted altar of Lugonu.
 51396 | Abyss:3  | Gained mutation: You are frail. (-10% HP) [a neqoxec]
 51514 | Abyss:3  | Reached skill level 19 in Fighting
 51529 | Abyss:3  | Got an abyssal rune of Zot
 51608 | Elf:3    | Escaped the Abyss
 51843 | Elf:3    | Noticed a Tzitzimitl
 51971 | Elf:3    | Identified the +6 trident of Benevolence {flame, rPois rC+
                  | Dex+3}
 52028 | Elf:3    | Identified the +12 rapier of the Penguin {elec, rF++ rCorr
                  | Str-5}
 52191 | Elf:3    | Reached skill level 20 in Fighting
 52207 | Elf:3    | Identified the +4 morningstar of Kiraogg {flame, rF+ Will-
                  | SInv}
 52226 | Elf:3    | Identified the +8 scimitar of Disarray {freeze, ^Drain rF+
                  | rCorr}
 52333 | Elf:3    | Identified the Elucidation of Hurting and the Quarry
 52376 | Elf:3    | Identified the Compilation of the Butterfly
 52407 | Elf:3    | Found the +10 Black Knight's barding {ponderous, rPois rN+}
 52413 | Elf:3    | Identified the ring "Xiqehu" {rPois Str+4}
 52420 | Elf:3    | Identified the staff "Grim" {+Blink rElec Dex-4 Necro Air}
 52918 | D:4      | Killed Crazy Yiuf
 53105 | Lair:1   | Killed Xeesh's ghost
 53255 | Spider:4 | Killed Roxanne
 53962 | D:10     | You paid a toll of 6 scrolls of fog to enter a treasure
                  | trove
 53963 | Trove    | Entered a treasure trove
 54034 | Trove    | Reached XP level 22. HP: 142/142 MP: 32/32
 54217 | Vaults:1 | Entered Level 1 of the Vaults
 54240 | Vaults:1 | Reached skill level 21 in Fighting
 55106 | Vaults:1 | Reached XP level 23. HP: 133/149 MP: 33/33
 55229 | Vaults:1 | Reached skill level 22 in Fighting
 56505 | Vaults:2 | Reached skill level 23 in Fighting
 56572 | Vaults:2 | Acquired a manual of Shields
 56602 | Vaults:2 | Noticed Xtahua
 56606 | Vaults:2 | Killed Xtahua
 57466 | Vaults:2 | Identified the +5 spear "Dragon's Tongue" {venom, Int+3}
 57569 | Vaults:2 | Reached skill level 10 in Shields
 58086 | Vaults:3 | Noticed Jory
 58088 | Vaults:3 | Killed Jory
 59394 | Vaults:3 | Reached XP level 24. HP: 157/157 MP: 33/33
 59451 | Vaults:3 | Found a staircase to the Crypt.
 60733 | Vaults:4 | Noticed a golden dragon
 60735 | Vaults:4 | Killed a golden dragon
 60758 | Vaults:4 | Identified the +0 chain mail of Panentheism {SInv}
 61958 | Depths:1 | Entered Level 1 of the Depths
 62359 | Depths:1 | Found a one-way gate leading to the halls of Pandemonium.
 62842 | Depths:1 | Found a gateway to Hell.
 63819 | Depths:2 | Reached XP level 25. HP: 110/163 MP: 14/33
 64005 | Depths:2 | Reached skill level 24 in Fighting
 65431 | Depths:3 | Noticed a caustic shrike
 65434 | Depths:3 | Killed a caustic shrike
 65529 | Depths:3 | Reached skill level 25 in Fighting
 65700 | Depths:3 | Identified the +0 swamp dragon scales "Kokluidd" {rPois rN+
                  | Will+ Dex+2 Slay-2}
 65702 | Depths:3 | Noticed a caustic shrike
 65710 | Depths:3 | Killed a caustic shrike
 65979 | Depths:3 | Found a one-way gateway to a ziggurat.
 66631 | Depths:3 | Found a one-way gate to the infinite horrors of the Abyss.
 66880 | Depths:4 | Entered Level 4 of the Depths
 66880 | Depths:4 | Noticed a caustic shrike
 66881 | Depths:4 | Noticed a caustic shrike
 66882 | Depths:4 | Noticed a caustic shrike
 66888 | Depths:3 | Killed a caustic shrike
 66895 | Depths:3 | Killed a caustic shrike
 66982 | Depths:4 | Noticed a caustic shrike
 66999 | Depths:3 | Killed a caustic shrike
 67009 | Depths:3 | Killed a caustic shrike
 67848 | Depths:4 | Found a gate to the Realm of Zot.
 68000 | Depths:4 | Found a hide-covered altar of Uskayaw.
 68120 | Depths:4 | Found Wizyuss's Antique Armour Shop.
 68125 | Depths:4 | Bought the +3 pair of gauntlets of War {Slay+5} for 2137
                  | gold pieces
 68125 | Depths:4 | Found the +3 pair of gauntlets of War {Slay+5}
 68125 | Depths:4 | Reached ****** piety under Ashenzari
 68276 | Zot:1    | Entered Level 1 of the Realm of Zot
 68512 | Zot:1    | Identified the +1 helmet "Ownipimm" {Slay+2}
 68682 | Zot:1    | Reached XP level 26. HP: 168/173 MP: 33/33
 69355 | Zot:2    | Identified the +3 flail "Esaerghim" {venom, rF+ rC+}
 70953 | Zot:3    | Learned a level 3 spell: Passwall
 71283 | Zot:3    | Reached skill level 1 in Earth Magic
 71455 | Zot:3    | Noticed a Killer Klown
 71475 | Zot:3    | Killed a Killer Klown
 72167 | Zot:3    | Noticed an orb of fire
 72218 | Zot:3    | Noticed a Killer Klown
 72251 | Zot:3    | Killed an orb of fire
 72259 | Zot:3    | Killed a Killer Klown
 72525 | Zot:4    | Identified the +8 flail "Saiwkargh" {vamp, rN+}
 72750 | Zot:4    | Noticed a curse toe
 72750 | Zot:4    | Killed a curse toe
 72751 | Zot:4    | Reached XP level 27. HP: 179/179 MP: 34/34
 73243 | Zot:5    | Entered Level 5 of the Realm of Zot
 74061 | Zot:5    | Noticed a dread lich
 74065 | Zot:5    | Killed a dread lich
 74069 | Zot:5    | Reached skill level 15 in Armour
 74077 | Zot:5    | Noticed an ancient lich
 74081 | Zot:5    | Killed an ancient lich
 74150 | Zot:5    | Noticed a Killer Klown
 74166 | Zot:5    | Noticed an orb of fire
 74172 | Zot:5    | Noticed an ancient lich
 74182 | Zot:5    | Noticed an orb of fire
 74187 | Zot:5    | Gained mutation: Your body sometimes deteriorates upon
                  | taking damage. [an orb of fire]
 74189 | Zot:5    | Killed an orb of fire
 74205 | Zot:5    | Gained mutation: Armour fits poorly on your strangely
                  | shaped body. [an orb of fire]
 74217 | Zot:5    | Killed an ancient lich
 74219 | Zot:5    | Noticed an orb of fire
 74244 | Zot:5    | Killed an orb of fire
 74251 | Zot:5    | Gained mutation: You have sharp fingernails. [an orb of
                  | fire]
 74251 | Zot:5    | Killed a Killer Klown
 74254 | Zot:5    | Killed an orb of fire
 74432 | Zot:5    | Noticed an ancient lich
 74455 | Zot:5    | Killed an ancient lich
 74460 | Zot:5    | Lost mutation: You have sharp fingernails. [potion of
                  | mutation]
 74460 | Zot:5    | Lost mutation: You are frail. (-10% HP) [potion of
                  | mutation]
 74460 | Zot:5    | Lost mutation: Your body sometimes deteriorates upon taking
                  | damage. [potion of mutation]
 74460 | Zot:5    | Gained mutation: You occasionally lose the ability to drink
                  | potions when taking damage. [potion of mutation]
 74460 | Zot:5    | Gained mutation: You are somewhat resistant to further
                  | mutation. [potion of mutation]
 75056 | Zot:5    | Got the Orb of Zot
 75614 | D:$      | Escaped with the Orb!

Illustrated notes

Levels and vault maps discovered:
D:1:      roderic_dead_forest, layout_loops_ring, minmay_strange_pillars,
          nicolae_figureground_pulse
D:2:      layout_rooms, chequers_serial_rivers_marsh, minmay_surrounded
D:3:      layout_basic, nicolae_tso_besieged_by_evil,
          nemelex_diamond_rough_becter, serial_shops, nicolae_square_shop
D:4:      layout_rooms, mainiacjoe_overflow_brackets, serial_shops,
          nicolae_shop_tiny_waterfront, shop_statue,
          chequers_serial_rivers_micro_a, hangedman_minor_gate_pass,
          uniq_crazy_yiuf_cottage, uniq_edmund
D:5:      layout_rooms, nicolae_vehumet_radiance, kennysheep_mini, st_stairs_8,
          uniq_blork_the_orc, uniq_duvessa
D:6:      layout_basic, nicolae_overflow_hallway_of_the_gods,
          minmay_temple_entry_purple_smoke, minmay_diced_spiral, uniq_menkaure,
          uniq_eustachio
D:7:      layout_loops_ring, uniq_jeremiah
D:8:      layout_basic
D:9:      minmay_tri_box, layout_long_grid, nicolae_sif_muna_condensation,
          dpeg_lair_monsters
D:10:     layout_irregular_city, nicolae_trove_entry_isolated, enter_bailey_8,
          minivault_8, uniq_snorg
D:11:     layout_roguey
D:12:     layout_basic, david_orc_5, portal_ice_cave_entry_pillars_1,
          minmay_strange_pillars
D:13:     layout_cave_pods
D:14:     layout_basic, david_vaults_2, nrook_uturn
D:15:     hangedman_depths_entry_civil_slaughter, layout_basic,
          nrook_pool_corridor, zin_scriptorium
Temple:   hellmonk_temple_of_storms
Lair:1:   gammafunk_indiana_jones, layout_long_grid,
          hellmonk_ghost_happy_afterlife, uniq_nergalle
Lair:2:   layout_long_grid, nicolae_shoals_entry_flooding, basic_altar,
          tgw_fedhas
Lair:3:   layout_layer_cave, spider_nest_entry_webs, grunt_megastairs_3,
          uniq_fannar
Lair:4:   layout_cave_pods, minmay_slime_entry_oklob_enclosed,
          chequers_serial_rivers_micro_a, beast_lair_carwin_4
Lair:5:   wormcave, layout_cave_pods, grunt_forest_large_clearings,
          uniq_josephine
Shoals:1: layout_shoals, nicolae_shoals_nymph_descending_staircase
Shoals:2: layout_shoals, serial_shops, nicolae_stop_n_shop_2
Shoals:3: layout_shoals, nicolae_shoals_kraken_party
Shoals:4: shoals_end_grunt_ice, layout_shoals, minmay_shop_mass,
          nicolae_shoals_spectral_cove
Spider:1: layout_spider_delve
Spider:2: layout_spider_delve, uniq_jorgrun
Spider:3: layout_spider_delve, nicolae_spider_twisty_arc_passages
Spider:4: guppyfry_spider_rune, hangedman_spider_tarantella_strand, uniq_louise,
          uniq_roxanne
Orc:1:    layout_diamond_mine, uniq_harold
Orc:2:    st_orc_mages, layout_caves, uniq_donald
Elf:1:    nicolae_elf_arrival_dilemma, layout_geoelf_grid, special_room
          [special_room_orc], kennysheep_underground_church
Elf:2:    nicolae_elf_blades_crystal_corner, layout_onion_city,
          serial_co_window_serial, co_window_paths_b,
          co_window_of_opportunity_a, co_window_paths_b, co_window_paths_a,
          co_window_paths_b, co_window_of_opportunity_c,
          co_window_of_opportunity_c, co_window_of_opportunity_c,
          co_window_2corner, hex_medium
Elf:3:    minmay_elf_hall_hex, layout_geoelf_octagon, serial_nicolae_subway,
          nicolae_sub_station_stone, nicolae_sub_station_crystal,
          nicolae_sub_station_metal
Vaults:1: ontoclasm_vaults_fault, v_alt_pattern_5,
          nicolae_vaults_hallways_thing, nicolae_vaults_steering_wheel,
          hangedman_vaults_variations, vaults_mumra_minichess_inversion,
          nicolae_vaults_house_2, v_misc_22, v_misc_2,
          nicolae_vaults_little_squares_2, nicolae_vaults_mini_display_case,
          vaults_dpeg_diagonal, vaults_room_stairs_pillars,
          layout_vaults_maze_snakey
Vaults:2: nicolae_vaults_little_ls, nicolae_vaults_network_periphery,
          hangedman_vaults_unwind, nicolae_vaults_network_quinsquares
          [nicolae_vaults_network_quincunx_subvault,
          nicolae_vaults_network_quincunx_subvault,
          nicolae_vaults_network_quincunx_subvault,
          nicolae_vaults_network_quincunx_subvault], v_pattern_1, st_lattice,
          v_alt_pattern_1, nicolae_vaults_closet_pinwheel_5,
          nicolae_vaults_storage_closets_1, vaults_dpeg_encased_lava,
          nicolae_vaults_tangram_1, ontoclasm_vaults_shuriken,
          nicolae_vaults_ring_of_whatevers, layout_vaults_omnibox, uniq_xtahua
Vaults:3: v_misc_16, minmay_crypt_entry_skeletal_spiral, grunt_vaults_twisty,
          hangedman_vaults_trim, nicolae_vaults_enemy_cabinets,
          vaults_dpeg_cross, nicolae_vaults_more_shelving_2,
          ontoclasm_vaults_gateway, v_misc_2, v_misc_24,
          layout_vaults_quadrants, uniq_jory
Vaults:4: nicolae_vaults_trapezoid_lopsided_1, dpeg_vaults_monster_box,
          v_rooms_1, vaults_mumra_hexcomb, hangedman_vaults_snaps,
          hangedman_vaults_hat, hangedman_vaults_corner_blocks,
          nicolae_vaults_closet_pinwheel_1, nicolae_vaults_house_3,
          vaults_room_hangedman_quadrants, layout_vaults_big_cross
Depths:1: layout_cave_pools, grunt_decor_clamped, hell_entry,
          rand_demon_pan_entry_3, grunt_ministairs_14, feat_on_display
Depths:2: kennysheep_spiral_hall, layout_gridlike, hell_entry,
          rand_demon_pan_entry_8, serial_sigils, serial_sigils_hangedman_scar,
          serial_sigils_hangedman_clutch, serial_sigils_hangedman_confine,
          serial_sigils_hangedman_stare, skrybe_limestone_x
Depths:3: regret_index_malice_mire, layout_honeycomb, enter_ziggurat_b,
          serial_rivers, chequers_serial_rivers_micro_d,
          chequers_serial_rivers_micro_e, chequers_serial_rivers_micro_e,
          chequers_serial_rivers_room_b, chequers_serial_rivers_micro_b,
          hell_entry, abyss_entry_small_statue_room,
          hangedman_abyss_or_decor_stabs
Depths:4: grunt_zot_entry_alcove, layout_gridville, nicolae_titane,
          serial_shops, shop, hell_entry, eino_small_chamber_without_monster,
          reono_crystal_passage, dancing_weapons_uskayaw
Zot:1:    layout_basic
Zot:2:    layout_misc_corridors, skrybe_zot_glass_2
Zot:3:    grunt_zot_stairs_faceoff, layout_concentric_octagons
Zot:4:    layout_onion_interference, regret_index_zotdec_fiery_em,
          grunt_ministairs_8, nicolae_zot_crop_circle
Zot:5:    layout_twisted_circle, st_stairs_7

Skill      XL: |  1  2  3  4  5  6  7  8  9 10 11 12 13 14 15 16 17 18 19 20 21 22 23 24 25 26 27 |
---------------+----------------------------------------------------------------------------------+-----
Stealth        | 2 3 6 7 10 15 18 | 18.1
Dodging        | 3 5 6 9 10 13 15 17 21 22 23 24 | 24.9
Short Blades   | 5 6 8 9 10 12 16 17 21 22 23 | 23.4
Fighting       | 3 4 5 6 8 14 15 17 20 21 23 25 | 25.3
Evocations     | 2 6 |  6.8
Hexes          | 3 5 7 |  7.2
Shields        | 6 13 | 13.4
Throwing       | 6 |  6.0
Spellcasting   | 5 |  5.1
Armour         | 5 7 10 11 13 16 | 16.9
Earth Magic    | 3 |  3.7
Conjurations   | |  3.0

Action                     |  1- 3 |  4- 6 |  7- 9 | 10-12 | 13-15 | 16-18 | 19-21 | 22-24 | 25-27 || total
---------------------------+-------+-------+-------+-------+-------+-------+-------+-------+-------++-------
  Melee: Short sword       |    64 |   339 |   302 |   137 |       |       |       |       |       ||   842
         Punch             |     1 |     3 |     7 |     1 |       |       |       |       |       ||    12
         Rapier            |       |       |    87 |   127 |  1215 |  1310 |   759 |  1190 |  1471 ||  6159
         Dagger            |       |       |       |   319 |     6 |    17 |   533 |       |       ||   875
  Throw: Stone             |       |     1 |     6 |     2 |       |       |       |       |       ||     9
         Boomerang         |       |       |     1 |       |       |       |       |       |       ||     1
         Dart              |       |       |       |       |     3 |     8 |     5 |       |     7 ||    23
         Throwing net      |       |       |       |       |       |       |     2 |       |     4 ||     6
   Cast: Confusing Touch   |       |       |       |     1 |     6 |     4 |     4 |       |     1 ||    16
         Passwall          |       |       |       |       |       |       |       |       |     7 ||     7
 Invoke: Curse Item        |       |       |     1 |     6 |     4 |     2 |     1 |     1 |     3 ||    18
         Shatter the Chain |       |       |       |     1 |     2 |     2 |     1 |       |     2 ||     8
  Evoke: Wand              |       |       |    10 |    17 |       |       |     5 |       |     2 ||    34
    Use: Scroll            |     3 |     2 |     2 |     7 |     6 |     7 |     5 |     4 |    12 ||    48
         Potion            |       |       |     1 |     4 |     4 |       |     3 |     1 |    28 ||    41
   Stab: Sleeping          |    12 |    21 |    17 |    31 |    63 |   123 |    86 |   101 |    65 ||   519
         Distracted        |       |     2 |     2 |     4 |     8 |    21 |    30 |     7 |    18 ||    92
         Paralysed         |       |       |       |     4 |       |       |       |       |       ||     4
         Confused          |       |       |       |     1 |     8 |     6 |     5 |       |     1 ||    21
         Petrifying        |       |       |       |       |     1 |       |       |       |       ||     1
         Held in net/web   |       |       |       |       |     1 |       |     1 |       |     4 ||     6
         Invisible         |       |       |       |       |     3 |       |       |       |     4 ||     7
 Armour: Leather armour    |    21 |    86 |   116 |   120 |       |       |       |       |       ||   343
         Skin              |       |       |    48 |       |       |       |       |       |       ||    48
         Acid dragon scale |       |       |       |    12 |   282 |   226 |   187 |   157 |   294 ||  1158
         Fire dragon scale |       |       |       |       |       |    10 |       |       |       ||    10
  Dodge: Dodged            |    25 |   162 |   194 |   281 |   580 |   758 |   586 |   645 |   729 ||  3960
  Block: Buckler           |       |       |       |    81 |   242 |   636 |   482 |   565 |   597 ||  2603
         Reflection        |       |       |       |       |       |     9 |    30 |    15 |     8 ||    62
